 Dungeon Crawl Stone Soup version 0.17.0-22-g5edae84 (webtiles) character file.

56 xeno23 the Gusty (level 3, -8/19 HPs)
             Began as a Tengu Air Elementalist on Nov 12, 2015.
             Killed by divine providence
             ... invoked by an orc priest
              (14 damage)
             ... on level 4 of the Dungeon.
             The game lasted 00:06:34 (1545 turns).

xeno23 the Gusty (Tengu Air Elementalist)           Turns: 1545, Time: 00:06:34

Health: -8/19      AC:  2    Str:  8    XL:     3   Next: 97%
Magic:  7/7        EV: 12    Int: 16    God:
Gold:   149        SH:  0    Dex: 14    Spells: 3 memorised, 0 levels left

rFire  . . .     SeeInvis .     h - +0 dagger (speed)
rCold  . . .     Clarity  .     a - +0 robe
rNeg   . . .     SustAt   .     (no shield)
rPois  .         Gourm    .     (helmet restricted)
rElec  .         Spirit   .     (no cloak)
rCorr  .         Warding  .     (no gloves)
rMut   .         Stasis   .     (boots unavailable)
MR     .....                    (no amulet)
Stlth  ++........               (no ring)
                                (no ring)

@: not resistant to hostile enchantments, unstealthy
A: beak, talons 3
a: no special abilities


You were on level 4 of the Dungeon.
You were very hungry.

You visited 1 branch of the dungeon, and saw 4 of its levels.

You collected 149 gold pieces.

Inventory:

Hand Weapons
 h - a +0 dagger of speed (weapon)
Missiles
 f - 3 javelins (quivered)
 x - 11 poisoned needles
Armour
 a - a +0 robe (worn)
Jewellery
 k - an uncursed ring of ice
Scrolls
 g - 2 scrolls of random uselessness {unknown}
 i - a scroll of blinking {unknown}
 m - 3 scrolls of teleportation {unknown}
 n - a scroll of fog {unknown}
 u - a scroll of enchant armour {unknown}
 w - a scroll of remove curse {unknown}
 y - a scroll of identify {unknown}
 A - a scroll of fear {unknown}
Potions
 d - a potion of flight {unknown}
 e - 3 potions of brilliance {unknown}
 j - a potion of might {unknown}
 l - a potion of heal wounds {unknown}
 o - a potion of poison {unknown}
 q - a potion of resistance {unknown}
 r - a potion of cure mutation {unknown}
 s - a potion of cancellation {unknown}
 t - a potion of magic {unknown}
Books
 b - a book of Air

   Spells                             Type                      Level
   a - Shock                          Conjuration/Air              1
   b - Swiftness                      Charms/Air                   2
   c - Repel Missiles                 Charms/Air                   2
   d - Static Discharge               Conjuration/Air              3
   e - Lightning Bolt                 Conjuration/Air              5
Comestibles
 c - a bread ration
 v - a beef jerky
 z - a meat ration


   Skills:
 - Level 2.1 Dodging
 - Level 2.0 Stealth
 + Level 2.4 Spellcasting
 + Level 2.6 Conjurations
 + Level 5.3 Air Magic


You couldn't memorise any spells.
You knew the following spells:

 Your Spells              Type           Power        Failure   Level  Hunger
a - Shock                 Conj/Air       ##..         4%          1    #......
b - Swiftness             Chrm/Air       ##......     12%         2    ###....
q - Static Discharge      Conj/Air       ##......     12%         3    ###....


Dungeon Overview and Level Annotations

Branches:
Dungeon (4/15)
 Temple: D:4-7

Altars:
Trog

Annotations:
D:3 HaroldButt's ghost, weakling DgTm


Innate Abilities, Weirdness & Mutations

You have a beak for a mouth.
You have claws for feet.


Message History

Found 7 stones.
You are feeling very hungry.
An adder skeleton comes into view.
Found 15 gold pieces.
An orc and an orc priest come into view.
An orc comes into view. It is wielding a mace.
An orc wizard comes into view. It is wielding a dagger.
The orc priest shouts!
The orc hits you with a club. The adder skeleton closely misses you.
You take 5 damage.
You closely miss the adder skeleton.
The orc wizard shouts!
The orc shouts!
Your kick misses the adder skeleton.
You peck the adder skeleton, but do no damage.
The orc hits you with a club.
The adder skeleton bites you but does no damage.
The orc priest invokes the aid of Beogh against you.
Something smites you!
Ouch! That really hurt!
You die...

.........########
#.........# #.........##
#..........#
#..........#
#..........#######
#.................
.###+##.........########
....$.Z@........#
......o.....#####
..o......?..#
............#
..o....###### #..o...
#...... #......


You could see an orc priest, an orc wizard, 2 orcs and an adder skeleton.

Vanquished Creatures
  An ooze (D:1)
  A worm (D:2)
  A giant gecko (D:2)
  3 giant cockroaches
  9 hobgoblins
  5 kobolds
  2 ball pythons
  4 bats
  7 giant newts
  7 goblins
  A quokka zombie (D:4)
  5 rats
46 creatures vanquished.

Notes
Turn   | Place    | Note
--------------------------------------------------------------
     0 | D:1      | xeno23 the Tengu Air Elementalist began the quest for the Orb.
     0 | D:1      | Reached XP level 1. HP: 10/10 MP: 4/4
   188 | D:1      | Reached XP level 2. HP: 15/15 MP: 1/6
   497 | D:1      | Reached XP level 3. HP: 19/19 MP: 2/7
   938 | D:2      | Reached skill level 5 in Air Magic
  1165 | D:3      | Learned a level 2 spell: Swiftness
  1169 | D:3      | Learned a level 3 spell: Static Discharge
  1225 | D:3      | Found a bloodstained altar of Trog.
  1227 | D:3      | Noticed HaroldButt's ghost (weakling DgTm)
  1545 | D:4      | Killed from afar by an orc priest

Action                   || total
-------------------------++-------
Melee: Unarmed           ||     6
       Dagger            ||    44
 Cast: Shock             ||    69
       Static Discharge  ||     2
 Stab: Distracted        ||     1
       Sleeping          ||     1
  Eat: Chunk             ||     2
